 Dungeon Crawl Stone Soup version 0.25.1-2-g60ff931df9 (webtiles) character file.

Game seed: 709594122667711103

15355 Freud88 the Swashbuckler (level 12, -4/74 HPs)
             Began as a Kobold Berserker on Aug 16, 2020.
             Was an Elder of Trog.
             Slain by a skeletal warrior
             ... wielding a +2 mace of protection
              (24 damage)
             ... on level 13 of the Dungeon.
             The game lasted 00:47:16 (16137 turns).

Freud88 the Swashbuckler (Kobold Berserker)        Turns: 16137, Time: 00:47:17

Health: -4/74      AC:  7    Str: 24    XL:     12   Next: 56%
Magic:  12/12      EV: 27    Int:  7    God:    Trog [****..]
Gold:   553        SH:  0    Dex: 25    Spells: 11/11 levels left

rFire    . . .     SeeInvis +   u - +8 rapier of Starshine {freeze, *Drain +Fly Int-2 Dex+10}
rCold    + . .     Gourm    .   (shield restricted)
rNeg     . . .     Faith    .   m - +1 leather armour "Mal Ysuxt" {Str+6 SInv}
rPois    +         Spirit   .   y - +1 helmet
rElec    .         Reflect  .   (no cloak)
rCorr    .         Harm     .   (no gloves)
MR       ++...     Clarity  +   (no boots)
Stlth    ++++......             e - amulet of magic regeneration
HPRegen  1.22/turn              K - ring of ice
MPRegen  0.38/turn              (no ring)

@: berserk cooldown, regenerating, slowed, very slow
A: small, hooves 1, carnivore, clarity, fire resistance 1, poison resistance
a: Berserk, Trog's Hand, Brothers in Arms, Renounce Religion, Evoke Flight


You were on level 13 of the Dungeon.
You worshipped Trog.
Trog was greatly pleased with you.
You were very full.

You visited 2 branches of the dungeon, and saw 14 of its levels.

You collected 689 gold pieces.
You spent 136 gold pieces at shops.

Inventory:

Hand Weapons
 a - a +1 short sword
 l - a +3 short sword of protection
 t - the +3 spear of Fate {flame, Int+4 Dex+4}
   (You took it off an orc on level 6 of the Dungeon)

   It has been specially enchanted to burn those struck by it, causing extra
   injury to most foes and up to half again as much damage against particularly
   susceptible opponents.
   It affects your intelligence (+4).
   It affects your dexterity (+4).
 u - the +8 rapier of Starshine (weapon) {freeze, *Drain +Fly Int-2 Dex+10}
   (You found it on level 8 of the Dungeon)

   It has been specially enchanted to freeze those struck by it, causing extra
   injury to most foes and up to half again as much damage against particularly
   susceptible opponents.
   It can also slow down cold-blooded creatures.
   It affects your intelligence (-2).
   It affects your dexterity (+10).
   It lets you fly.
   It causes draining when unequipped.
 B - a +5 vorpal quick blade
Armour
 b - a +0 animal skin
 m - the +1 leather armour "Mal Ysuxt" (worn) {Str+6 SInv}
   (You took it off a goblin on level 7 of the Dungeon)

   It affects your strength (+6).
   It lets you see invisible.
 w - +0 steam dragon scales
 y - a +1 helmet (worn)
 E - a +0 kite shield
Jewellery
 e - an amulet of magic regeneration (around neck)
 K - a ring of ice (left hand)
Wands
 i - a wand of iceblast (6)
 n - a wand of polymorph (7)
 G - a wand of clouds (6)
Scrolls
 d - 4 scrolls of magic mapping
 f - 5 scrolls of remove curse
 g - 9 scrolls of identify
 h - 4 scrolls of amnesia
 j - 3 scrolls of immolation {unknown}
 k - 5 scrolls of teleportation {unknown}
 o - a scroll of holy word {unknown}
 p - a scroll of fog {unknown}
 q - 2 scrolls of noise {unknown}
 v - 2 scrolls of enchant armour {unknown}
 x - 3 scrolls of enchant weapon
 C - a scroll of torment {unknown}
 F - a scroll of random uselessness {unknown}
 I - a scroll of silence {unknown}
 J - a scroll of fear {unknown}
Potions
 r - 6 potions of curing
 s - a potion of stabbing {unknown}
 z - 2 potions of invisibility {unknown}
 D - 2 potions of heal wounds
 H - a potion of magic
 N - a potion of ambrosia {unknown}
Miscellaneous
 A - a phial of floods
 L - a phial of floods
Comestibles
 c - 27 rations
 M - 2 chunks of flesh


   Skills:
 * Level 8.2 Fighting
 + Level 16.5 Short Blades
 * Level 5.9 Armour
 - Level 11.1 Dodging
 - Level 8.2 Stealth


You had 11 spell levels left.
You didn't know any spells.
Your spell library was empty.

Dungeon Overview and Level Annotations

Branches:
Dungeon (13/15)            Temple (1/1) D:6            Lair (0/6) D:11
    Orc (0/2) D:11
 Vaults: D:13-14

Altars:
Ashenzari
Cheibriados
Dithmenos
Elyvilon
Fedhas
Gozag
Hepliaklqana
Kikubaaqudgha
Makhleb
Nemelex Xobeh
Okawaru
Qazlal
Ru
Sif Muna
Trog
Uskayaw
Vehumet
Wu Jian
Xom
Yredelemnul
Zin
The Shining One

Shops:
D:10 =   D:11 *   D:12 !


Innate Abilities, Weirdness & Mutations

You are small and have problems with some larger weapons.
You are carnivorous and can eat meat at any time.
You have large cloven feet.
You possess an exceptional clarity of mind.
Your flesh is heat resistant. (rF+)
Your system is resistant to poisons. (rPois)


Message History

You hit the skeletal warrior but do no damage.
You kick the skeletal warrior, but do no damage.
The skeletal warrior is moderately damaged.
The skeletal warrior misses you.
You closely miss the skeletal warrior. You kick the skeletal warrior.
The skeletal warrior is moderately damaged.
The skeletal warrior misses you.
You hit the skeletal warrior.
You kick the skeletal warrior, but do no damage.
The skeletal warrior is moderately damaged.
You hit the skeletal warrior. You freeze the skeletal warrior.
You kick the skeletal warrior, but do no damage.
The skeletal warrior is heavily damaged.
The skeletal warrior hits you with a +2 mace of protection!
* * * LOW HITPOINT WARNING * * *
You closely miss the skeletal warrior.
You kick the skeletal warrior, but do no damage.
The skeletal warrior is heavily damaged.
The skeletal warrior hits you with a +2 mace of protection!!
You die...

# # # # ## ## ##.... ..
... ##...#######. ..##
##.........#. o...#
##...#####.#.######o....#
##...#.....#....@zzz.....
##...#.###.#..######...##
##...#...<.#.....# ...
##........###....# #
##........'......#
##..#.....##.....#
##..#.....##.....#
##..#.....##.....#
##........+...##.#


You could see 3 skeletal warriors and an orc wizard (invisible).

Vanquished Creatures
  Harold (D:9)
  3 two-headed ogres
  Urug (D:10)
  Sonja (D:11)
  A skeletal warrior (D:13)
  An ugly thing (D:11)
  An elephant (D:10)
  A gargoyle (D:9)
  3 hornets
  A slime creature (D:13)
  3 hippogriffs
  An air elemental (D:11)
  A water elemental (D:11)
  4 yaks (D:10)
  A wyvern (D:12)
  A fire elemental (D:11)
  A basilisk (D:11)
  A human (D:10)
  A steam dragon (D:9)
  Menkaure (D:4)
  A warg (D:10)
  A water moccasin (D:12)
  A soldier ant (D:10)
  Duvessa (D:6)
  4 orc warriors
  A black bear (D:7)
  3 ice beasts
  A sky beast (D:12)
  A phantom (D:5)
  A crocodile (D:11)
  9 ogres
  A centaur (D:10)
  2 big kobolds
  9 bullfrogs
  An earth elemental (D:11)
  A wyvern zombie (D:12)
  A wyvern skeleton (D:7)
  Dowan (D:6)
  8 scorpions
  14 killer bees
  4 wights (D:11)
  An electric eel (D:6)
  6 crimson imps
  3 bullfrog zombies
  5 bullfrog skeletons
  A centaur zombie (D:10)
  A lava snake (D:10)
  6 jellies
  3 hounds
  10 orc priests
  21 orc wizards
  3 centaur skeletons
  Ijyb (D:4)
  3 iguanas
  10 worker ants
  2 hound zombies (D:8)
  A mummy (D:4)
  8 gnolls
  2 howler monkey skeletons
  18 adders
  2 shadow imps
  An adder zombie (D:4)
  5 worms
  11 leopard geckos
  58 orcs
  7 giant cockroaches
  19 goblins
  17 hobgoblins
  13 jackals
  6 quokkas
  A ball python (D:2)
  9 bats
  6 frilled lizards
  A giant cockroach zombie (D:5)
  A jackal zombie (D:5)
  25 kobolds
  A quokka skeleton (D:6)
  3 rats
  A fungus (D:4)
387 creatures vanquished.

Vanquished Creatures (collateral kills)
  A wyvern (D:11)
  2 orc warriors (D:11)
  An ice beast (D:8)
  A bullfrog (D:8)
  2 orc priests (D:11)
  A worker ant (D:10)
  An adder (D:10)
  An orc (D:11)
10 creatures vanquished.

Vanquished Creatures (others)
  5 fungi
  A plant (D:7)
6 creatures vanquished.

Grand Total: 403 creatures vanquished

Notes
Turn   | Place    | Note
-------+----------+-------------------------------------------
     0 | D:1      | Freud88 the Kobold Berserker began the quest for the Orb.
     0 | D:1      | Reached XP level 1. HP: 14/14 MP: 1/1
   251 | D:1      | Reached XP level 2. HP: 19/19 MP: 2/2
   497 | D:1      | Found a shimmering altar of Xom.
   798 | D:1      | Reached XP level 3. HP: 24/24 MP: 3/3
   908 | D:1      | HP: 1/24 [kobold/+2 short sword of protection (7)]
  1591 | D:2      | Reached ** piety under Trog
  1591 | D:2      | Reached skill level 5 in Short Blades
  1651 | D:2      | Found a stormy altar of Qazlal.
  1677 | D:2      | Reached XP level 4. HP: 27/29 MP: 4/4
  2789 | D:3      | Reached skill level 1 in Stealth
  3006 | D:3      | Reached XP level 5. HP: 33/33 MP: 5/5
  3284 | D:4      | Noticed Ijyb
  3441 | D:4      | Noticed an ogre
  3453 | D:3      | Killed an ogre
  3453 | D:3      | Reached skill level 6 in Short Blades
  3453 | D:3      | Reached XP level 6. HP: 27/38 MP: 6/6
  3713 | D:4      | Gained mutation: Your spells are a little easier to cast,
                  | but a little less powerful. [potion of mutation]
  3713 | D:4      | Gained mutation: Your system is resistant to poisons.
                  | (rPois) [potion of mutation]
  3713 | D:4      | Gained mutation: You have a pair of small antennae on your
                  | head. [potion of mutation]
  3736 | D:4      | Killed Ijyb
  4042 | D:4      | Found a white marble altar of Elyvilon.
  4174 | D:4      | Noticed Menkaure
  4189 | D:5      | Entered Level 5 of the Dungeon
  4204 | D:5      | Found a shattered altar of Ashenzari.
  4209 | D:5      | Saw a vision of the Swamp and the Snake Pit.
  4209 | D:5      | Noticed a naga
  4209 | D:5      | Noticed a water moccasin
  4209 | D:5      | Noticed a water moccasin
  4209 | D:5      | Noticed an anaconda
  4209 | D:5      | Noticed a mana viper
  4209 | D:5      | Noticed a naga ritualist
  4209 | D:5      | Noticed a naga
  4209 | D:5      | Noticed a guardian serpent
  4209 | D:5      | Noticed a salamander
  4209 | D:5      | Noticed a guardian serpent
  4209 | D:5      | Noticed a black mamba
  4209 | D:5      | Noticed a naga
  4248 | D:5      | Reached *** piety under Trog
  4290 | D:5      | Reached skill level 7 in Short Blades
  4463 | D:5      | Noticed an ogre
  4498 | D:5      | Reached XP level 7. HP: 28/44 MP: 7/7
  4518 | D:5      | Reached skill level 5 in Dodging
  4787 | D:5      | Reached skill level 8 in Short Blades
  5292 | D:5      | Reached XP level 8. HP: 44/48 MP: 8/8
  5645 | D:5      | Reached skill level 5 in Fighting
  6156 | D:4      | Killed Menkaure
  6156 | D:4      | Reached skill level 9 in Short Blades
  7040 | D:6      | Noticed Duvessa
  7041 | D:6      | Noticed Dowan
  7191 | D:6      | Found a staircase to the Ecumenical Temple.
  7204 | D:6      | Killed Dowan
  7204 | D:6      | Reached XP level 9. HP: 55/55 MP: 9/9
  7303 | D:6      | Reached skill level 10 in Short Blades
  7303 | D:6      | Reached skill level 5 in Stealth
  7318 | D:6      | Identified the +3 spear of Fate {flame, Int+4 Dex+4}
  7355 | D:7      | Reached **** piety under Trog
  7741 | D:7      | HP: 2/55 [killer bee (5)]
  7806 | D:7      | Lost mutation: Your spells are a little easier to cast, but
                  | a little less powerful. [potion of mutation]
  7806 | D:7      | Lost mutation: You have a pair of small antennae on your
                  | head. [potion of mutation]
  7806 | D:7      | Gained mutation: Your flesh is heat resistant. (rF+)
                  | [potion of mutation]
  7806 | D:7      | Gained mutation: You possess an exceptional clarity of
                  | mind. [potion of mutation]
  7806 | D:7      | Gained mutation: You have large cloven feet. [potion of
                  | mutation]
  8327 | D:7      | Identified the +1 leather armour "Mal Ysuxt" {Str+6 SInv}
  8602 | D:7      | Found a faded altar of an unknown god.
  8602 | D:7      | Found a glowing silver altar of Zin.
  8607 | D:7      | Found a shimmering blue altar of Sif Muna.
  8621 | D:7      | Found a hazy altar of Hepliaklqana.
  8623 | D:7      | Found a faded altar of an unknown god.
  9671 | D:6      | Reached XP level 10. HP: 48/61 MP: 10/10
  9786 | D:6      | Killed Duvessa
  9788 | D:6      | Reached skill level 11 in Short Blades
 10010 | D:6      | Reached skill level 10 in Dodging
 10519 | Temple   | Entered the Ecumenical Temple
 10701 | D:8      | Reached ***** piety under Trog
 11025 | D:8      | Noticed a two-headed ogre
 11052 | D:8      | Killed a two-headed ogre
 11070 | D:8      | Got an ichor-stained rapier
 11071 | D:8      | Identified the +8 rapier of Starshine {freeze, *Drain +Fly
                  | Int-2 Dex+10} (You found it on level 8 of the Dungeon)
 11375 | D:8      | Reached skill level 12 in Short Blades
 11688 | D:9      | Found an iron altar of Okawaru.
 11728 | D:9      | Found a white marble altar of Elyvilon.
 11806 | D:9      | Found a basalt altar of Yredelemnul.
 11814 | D:9      | Noticed a gargoyle
 11822 | D:9      | Killed a gargoyle
 11824 | D:9      | Reached XP level 11. HP: 67/67 MP: 11/11
 11872 | D:9      | Noticed Harold
 11892 | D:9      | Killed Harold
 11892 | D:9      | Received a gift from Trog
 11968 | D:9      | Noticed a two-headed ogre
 11995 | D:9      | Killed a two-headed ogre
 11995 | D:9      | Reached skill level 13 in Short Blades
 12162 | D:9      | Found an opulent altar of Gozag.
 12704 | D:10     | Entered Level 10 of the Dungeon
 12824 | D:10     | Reached skill level 14 in Short Blades
 12885 | D:10     | Found Gifodit's Jewellery Shop.
 13147 | D:10     | Noticed a two-headed ogre
 13153 | D:10     | Killed a two-headed ogre
 13636 | D:11     | Found a staircase to the Lair.
 13636 | D:11     | Noticed Urug
 13636 | D:11     | Noticed Sonja
 13636 | D:11     | Noticed an elephant
 13660 | D:10     | Killed Urug
 13660 | D:10     | Reached skill level 15 in Short Blades
 13660 | D:10     | Reached skill level 5 in Armour
 13663 | D:10     | Killed an elephant
 13665 | D:10     | Reached XP level 12. HP: 53/72 MP: 12/12
 13836 | D:11     | Killed Sonja
 13974 | D:11     | Found a staircase to the Orcish Mines.
 14211 | D:11     | Found Cuclolio's Assorted Antiques.
 14263 | D:11     | Found a large runed translucent door.
 14265 | D:11     | Found a large runed translucent door.
 14655 | D:11     | Reached skill level 16 in Short Blades
 15237 | D:12     | Found Gosafefi's Distillery.
 15245 | D:12     | Bought a potion of curing for 51 gold pieces
 15245 | D:12     | Bought a potion of heal wounds for 85 gold pieces
 16111 | D:13     | Noticed a skeletal warrior
 16113 | D:13     | Noticed a skeletal warrior
 16114 | D:13     | Noticed a skeletal warrior
 16121 | D:13     | Killed a skeletal warrior
 16123 | D:13     | Noticed a skeletal warrior
 16123 | D:13     | Noticed a skeletal warrior
 16137 | D:13     | Slain by a skeletal warrior

Illustrated notes

Levels and vault maps discovered:
D:1:      minmay_arrival_widening_spiral_wide, layout_basic, xom_teletrap_fun
D:2:      layout_basic, first_ration, nicolae_qazlal_general_emergency
D:3:      layout_loops_ring
D:4:      old_forge, layout_cave_pools, serial_column_ruins, column_ruins_hut,
          column_ruins_hut, column_ruins_open_medium, column_ruins_open_tiny,
          column_ruins_grid_1, column_ruins_open_tiny,
          gup_ossuary_entry_pyramid, elyvilon_altar_5, uniq_ijyb, uniq_menkaure
D:5:      minmay_angry_zag, layout_basic, grunt_ashenzari_visionary
          [grunt_ashenzari_visionary_swamp, grunt_ashenzari_visionary_snake]
D:6:      layout_gridville, minmay_temple_entry_statues, minivault_4,
          minmay_a_box_with_orc_wizards_in_it, uniq_duvessa
D:7:      corexii_shantytown, layout_basic, chequers_temple_overflow_minitemple,
          enter_bailey_3, kennysheep_generic_room_3
D:8:      layout_rooms, hangedman_pestilent_swarm
D:9:      minmay_opposing_rooms, layout_long_grid, kennysheep_ying_yang,
          kennysheep_mini, nicolae_gozag_cash_rules_everything_around_me,
          uniq_harold
D:10:     layout_big_octagon, serial_glass, glass_columns_b, glass_columns_b,
          serial_shops, shop_statue, minmay_crystal_room, kennysheep_crisscross
D:11:     layout_small_grid, david_lair_generic, erik_orc_4, serial_shops, shop,
          lightli_elemental_guards, uniq_sonja, uniq_urug
D:12:     layout_cave_pods, serial_shops, nicolae_shop_crystal
D:13:     layout_basic, gammafunk_ghost_grave, uniq_jorgrun
Temple:   kb_temple_of_zot

Skill      XL: |  1  2  3  4  5  6  7  8  9 10 11 12 |
---------------+-------------------------------------+-----
Dodging        | 3 4 5 7 9 11 | 11.1
Short Blades   | 5 6 7 8 9 10 12 15 16 | 16.5
Fighting       | 4 5 6 7 8 |  8.2
Stealth        | 1 2 3 4 6 8 |  8.2
Armour         | 2 5 |  5.9

Action                   |  1- 3 |  4- 6 |  7- 9 | 10-12 || total
-------------------------+-------+-------+-------+-------++-------
Melee: Short sword       |   105 |   192 |   642 |   179 ||  1118
       Kick              |       |       |    45 |   226 ||   271
       Rapier            |       |       |       |   337 ||   337
Invok: Berserk           |       |       |     3 |     7 ||    10
       Trog's Hand       |       |       |     9 |     8 ||    17
       Brothers in Arms  |       |       |       |     6 ||     6
Evoke: Wand              |       |     1 |       |       ||     1
  Use: Potion            |       |     4 |     4 |     4 ||    12
       Scroll            |       |       |     7 |     4 ||    11
 Stab: Sleeping          |     3 |     4 |    10 |    14 ||    31
       Distracted        |       |     1 |     1 |     4 ||     6
  Eat: Chunk             |    11 |     6 |    24 |    32 ||    73
Armor: Animal skin       |    15 |    32 |    77 |       ||   124
       Leather armour    |       |       |     1 |    43 ||    44
Dodge: Dodged            |    66 |   138 |   435 |   433 ||  1072
